 Dungeon Crawl Stone Soup version 0.32-a0-705-g60f233581c (webtiles) character file.

Game seed: 9695949623552419445

3412 hikkokomori the Skirmisher (level 10, -1/124 HPs)
             Began as a Coglin Hunter on Mar 15, 2024.
             Slain by a yak (7 damage)
             ... on level 11 of the Dungeon.
             The game lasted 00:12:55 (5870 turns).

hikkokomori the Skirmisher (Coglin Hunter)          Turns: 5870, Time: 00:12:55

Health: -1/124     AC: 25    Str: 10    XL:     10   Next: 4%
Magic:  14/14      EV:  2    Int:  8    God:
Gold:   242        SH:  0    Dex: 26    Spells: 12/15 levels left

rFire   . . .        a - +2 sling (freeze) {Nimrit}
rCold   . . .        d - +0 sling (freeze) {Fernando}
rNeg    . . .        A - melded +0 steam dragon scales
rPois   +            y - melded +1 hat
rElec   .            (cloak currently unavailable)
rCorr   .            r - melded +0 pair of gloves
SInv    .            n - melded +0 pair of boots
Will    .....        (no amulet)
Stlth   +++          (no ring)
HPRegen 0.40/turn    (no ring)
MPRegen 0.14/turn    (no gizmo)

%: no passive effects
@: tree-form, revved
A: stationary, stasis, torment immunity, boosted hp, off-hand wielding, slow
wielding, warmup strikes, (no jewellery), agile 1, (deformed body), robust 1
a: Invent Gizmo


You were on level 11 of the Dungeon.
You were a tree.
You visited 2 branches of the dungeon, and saw 10 of its levels.

You collected 270 gold pieces.
You spent 28 gold pieces at shops.

Inventory:

Hand Weapons
 a - a +2 sling of freezing (weapon) {Nimrit}
 d - a +0 sling of freezing (offhand) {Fernando}
 w - a +0 short sword of protection
Missiles
 k - 3 throwing nets
Armour
 c - a +0 leather armour
 n - a +0 pair of boots (melded)
 p - the +1 robe of Insatiable Hunger {Str+6 Int+3}
   (You found it on level 4 of the Dungeon)

   Str+6:     It affects your strength (+6).
   Int+3:     It affects your intelligence (+3).
 r - a +0 pair of gloves (melded)
 y - a +1 hat (melded)
 A - +0 steam dragon scales (melded)
Wands
 f - a wand of polymorph (9)
 s - a wand of flame (10)
 z - a wand of iceblast (6)
Scrolls
 h - 4 scrolls of immolation
 q - a scroll of brand weapon
 t - a scroll of enchant weapon {unknown}
 u - a scroll of teleportation {unknown}
 v - a scroll of vulnerability {unknown}
Potions
 e - 4 potions of berserk rage
 g - 3 potions of curing
 i - a potion of invisibility {unknown}
 j - a potion of heal wounds {unknown}
 l - a potion of degeneration {unknown}
 m - a potion of lignification
 o - a potion of mutation
 x - 2 potions of brilliance {unknown}


   Skills:
 - Level 6.0 Fighting
 + Level 8.8 Ranged Weapons
 - Level 2.0 Dodging
 - Level 2.0 Stealth
 - Level 3.0 Spellcasting
 - Level 4.0 Hexes
 - Level 4.0 Fire Magic
 + Level 6.0 Evocations


You had 12 spell levels left.
You knew the following spells:

 Your Spells              Type           Power      Damage    Failure   Level
a - Inner Flame           Hex/Fire       7%         N/A       19%         3

Your spell library contained the following spells:

 Spells                   Type           Power      Damage    Failure   Level
 Freeze                   Ice            4%         1d3       32%         1
 Necrotise                Necr           4%         1d4       32%         1
 Summon Small Mammal      Summ           4%         N/A       32%         1
 Cause Fear               Hex            3%         N/A       52%         4
 Call Canine Familiar     Summ           1%         N/A       67%         3
 Frozen Ramparts          Ice            2%         1d1       67%         3
 Gell's Gravitas          Tloc           1%         N/A       67%         3
 Hailstorm                Conj/Ice       1%         3d5       67%         3
 Summon Ice Beast         Ice/Summ       1%         N/A       67%         3
 Flame Wave               Conj/Fire      4%         2d5       80%         4
 Sticky Flame             Fire/Alch      4%         2d4       80%         4
 Summon Blazeheart Golem  Fire/Summ      4%         N/A       80%         4
 Fireball                 Conj/Fire      2%         3d4       98%         5
 Permafrost Eruption      Ice/Erth       0%         2x4d2     100%        6
 Sculpt Simulacrum        Ice/Alch       0%         N/A       100%        6
 Death's Door             Necr           0%         N/A       100%        9
 Dragon's Call            Summ           0%         N/A       100%        9


Dungeon Overview and Level Annotations

Branches:
Dungeon (11/15)            Temple (1/1) D:5
   Lair: D:8-11         Orc: D:9-12

Altars:
Ashenzari
Cheibriados
Dithmenos
Elyvilon
Fedhas
Gozag
Hepliaklqana
Kikubaaqudgha
Makhleb
Nemelex Xobeh
Ru
Sif Muna
Trog
Uskayaw
Vehumet
Wu Jian
Xom
Yredelemnul
Zin
The Shining One

Shops:
D:2 =   D:3 *

Annotations:
D:2 Sigmund
D:10 Nergalle


Innate Abilities, Weirdness & Mutations

You are a tree.
Your roots penetrate the ground, keeping you stationary.
You cannot be teleported.
You are immune to unholy pain and torment.
Your maximum health is greatly increased.
Your equipment is partially melded.
You can wield a second weapon in your off-hand.
It takes a long time for you to wield or remove held weapons.
Your first few attacks do less damage.
((You cannot equip rings or amulets.))
You are agile. (Dex +4, Str/Int -1)
((Armour fits poorly on your strangely shaped body.))
You are robust. (+10% HP)


Message History

Your butterfly disappears in a burst of colours!
A yak comes into view.
Your Evocations skill increases to level 6!
You shoot a sling bullet.
The sling bullet hits the yak but does no damage.
The yak is severely wounded.
You shoot a sling bullet.
The sling bullet hits the yak but does no damage.
The yak is severely wounded.
The yak gores you but does no damage.
A yak comes into view. x2
You shoot a sling bullet.
The sling bullet hits the yak but does no damage.
The yak is heavily wounded.
You shoot a sling bullet. The sling bullet barely misses the yak.
Your butterfly disappears in a burst of colours! x2
The yak gores you.
* * * LOW HITPOINT WARNING * * *
The yak misses your butterfly.
You shoot a sling bullet. The sling bullet hits the yak.
The sling bullet freezes the yak.
The yak is severely wounded.
You shoot a sling bullet.
The sling bullet hits the yak but does no damage.
The yak is severely wounded.
Your butterfly disappears in a burst of colours!
The yak gores you but does no damage. x2
You shoot a sling bullet. The sling bullet barely misses the yak.
The sling bullet completely misses the yak.
The sling bullet hits the yak but does no damage.
You shoot a sling bullet. The sling bullet hits the yak.
The sling bullet freezes the yak.
The yak is almost dead.
The yak gores you!
* * * LOW HITPOINT WARNING * * *
It was a potion of mutation.
You feel extremely strange.
You feel agile.
Your body twists and deforms.
You feel robust.
Your butterfly disappears in a burst of colours!
The yak gores you!
You die...

#######........#.
#. #...........#
#..#...Y..Y....# ..
#.>#..YY.......#
...#..#..Y........#
#..#..#Y########..#
#...........#..#.Y.
#...........#..#
#...........#Y♣#
#........####YY#
.......b....YY.#
...............#
............b..#
...............#
...............#
...............#
.......b.......#


You could see 5 yaks.

Vanquished Creatures
  A two-headed ogre (D:10)
  4 yaks (D:11)
  Eustachio (D:6)
  A wyvern (D:7)
  A water moccasin (D:7)
  3 black bears
  2 ogres
  4 centaurs
  A phantom (D:5)
  2 kobold brigands
  A bullfrog (D:7)
  A scorpion (D:5)
  2 electric eels (D:10)
  2 bombardier beetles
  2 gnoll boudas (D:7)
  A jelly (D:6)
  A sleepcap (D:4)
  3 hounds
  2 iguanas (D:6)
  A scorpion zombie (D:3)
  A hound zombie (D:3)
  17 gnolls
  9 adders
  2 ufetubi (D:6)
  3 dart slugs
  5 ribbon worms
  11 orcs
  6 endoplasms
  A giant cockroach (D:2)
  A hobgoblin (D:1)
  15 kobolds
  2 quokkas
  5 ball pythons
  3 bats
  3 frilled lizards
  3 goblins (D:1)
  A jackal zombie (D:3)
  A quokka zombie (D:3)
  6 rats
131 creatures vanquished.

Notes
Turn   | Place    | Note
-------+----------+-------------------------------------------
     0 | D:1      | hikkokomori the Coglin Hunter began the quest for the Orb.
     0 | D:1      | Reached XP level 1. HP: 16/16 MP: 1/1
   197 | D:1      | Found a faded altar of an unknown god.
   333 | D:1      | Reached skill level 1 in Stealth
   333 | D:1      | Reached XP level 2. HP: 18/22 MP: 2/2
   817 | D:2      | Reached XP level 3. HP: 22/28 MP: 3/3
   921 | D:2      | Reached skill level 4 in Ranged Weapons
  1104 | D:2      | Reached XP level 4. HP: 11/34 MP: 4/4
  1241 | D:2      | Found Xeigg's Jewellery Shoppe.
  1441 | D:2      | Noticed Sigmund
  1556 | D:3      | Reached XP level 5. HP: 31/41 MP: 5/5
  1609 | D:3      | Found a basalt altar of Yredelemnul.
  1713 | D:3      | Found Vaas's General Store.
  1716 | D:3      | Bought a scroll of identify for 28 gold pieces
  2195 | D:4      | Reached XP level 6. HP: 48/48 MP: 6/6
  2318 | D:3      | Noticed a moth of wrath
  2321 | D:3      | Found a bloodstained altar of Trog.
  2393 | D:2      | Reached skill level 5 in Ranged Weapons
  2580 | D:4      | Found a broken altar of Ashenzari.
  2619 | D:4      | Identified the +1 robe of Insatiable Hunger {Str+6 Int+3}
  2643 | D:4      | Noticed a black bear
  2651 | D:4      | Killed a black bear
  2804 | D:4      | Got Sif Muna's Compilation of Topology and the Catacomb
  2995 | D:5      | Entered Level 5 of the Dungeon
  3013 | D:5      | Reached skill level 5 in Fighting
  3013 | D:5      | Reached XP level 7. HP: 54/56 MP: 7/7
  3189 | D:5      | Found a staircase to the Ecumenical Temple.
  3196 | Temple   | Entered the Ecumenical Temple
  3241 | D:5      | Reached skill level 6 in Ranged Weapons
  3439 | D:5      | Reached XP level 8. HP: 38/64 MP: 8/8
  3443 | D:5      | Learned a level 3 spell: Inner Flame
  4037 | D:6      | Reached skill level 1 in Hexes
  4037 | D:6      | Reached skill level 1 in Fire Magic
  4173 | D:6      | Reached skill level 1 in Spellcasting
  4228 | D:6      | Reached skill level 7 in Ranged Weapons
  4298 | D:6      | Noticed Eustachio
  4308 | D:6      | Killed Eustachio
  4885 | D:7      | Reached XP level 9. HP: 15/69 MP: 12/12
  5233 | D:7      | You fall into a shaft and drop 3 floors!
  5233 | D:10     | Entered Level 10 of the Dungeon
  5407 | D:10     | Noticed a two-headed ogre
  5418 | D:10     | Killed a two-headed ogre
  5419 | D:10     | Reached skill level 8 in Ranged Weapons
  5447 | D:10     | Noticed Maggie
  5452 | D:10     | Maggie changed into Maggie the ogre
  5452 | D:10     | Noticed Maggie
  5457 | D:10     | Killed Maggie the ogre
  5497 | D:10     | Noticed a gargoyle
  5763 | D:10     | Noticed Nergalle
  5857 | D:11     | Reached skill level 5 in Evocations
  5862 | D:11     | Reached XP level 10. HP: 14/76 MP: 14/14
  5870 | D:11     | Gained mutation: You are agile. (Dex +4, Str/Int -1)
                  | [potion of mutation]
  5870 | D:11     | Gained mutation: Armour fits poorly on your strangely
                  | shaped body. [potion of mutation]
  5870 | D:11     | Gained mutation: You are robust. (+10% HP) [potion of
                  | mutation]
  5870 | D:11     | Slain by a yak

Illustrated notes

Levels and vault maps discovered:
D:1:      elethiomel_arrival_quiet, layout_loops_corners,
          chequers_ecumenical_altar_lobes
D:2:      layout_loops_ring, serial_shops, shop, nicolae_grassy_gnolls,
          uniq_sigmund
D:3:      layout_basic, tgw_trog, nicolae_yredelemnul_corpse_copse,
          serial_shops, nicolae_shop_real_fake_doors
D:4:      layout_rooms, evilmike_ruin_ashenzari
D:5:      layout_gridville, minmay_temple_entry_wispy, dk_noncrumbling_3
D:6:      layout_loops_ring, uniq_eustachio
D:7:      layout_basic, solitary_fountain, kennysheep_generic_room_7
D:10:     layout_stronghold, okawaru_humans, david_orc_2, serial_bayou,
          serial_bayou_pond_e, serial_bayou_crossing, serial_bayou_lake_a,
          serial_bayou_pond_b, serial_bayou_pond_a, lightli_fourway_metalbox,
          uniq_nergalle, uniq_erica, uniq_maggie
D:11:     layout_grid_maze, erik_lair_orcish_takeover,
          biasface_ghost_orc_armoury
Temple:   bh_familiar_temple

Skill      XL: |  1  2  3  4  5  6  7  8  9 10 |
---------------+-------------------------------+-----
Stealth        | 1 2 |  2.0
Dodging        | 2 |  2.0
Ranged Weapons | 4 5 6 7 8 |  8.8
Fighting       | 3 4 5 6 |  6.0
Hexes          | 2 4 |  4.0
Fire Magic     | 2 4 |  4.0
Spellcasting   | 2 3 |  3.0
Evocations     | 5 6 |  6.0

Action                     |  1- 3 |  4- 6 |  7- 9 | 10-12 || total
---------------------------+-------+-------+-------+-------++-------
   Fire: Sling             |   128 |   294 |   452 |    14 ||   888
  Evoke: Wand              |       |       |     8 |       ||     8
    Use: Scroll            |       |     3 |     7 |       ||    10
         Potion            |       |       |       |     2 ||     2
 Armour: Leather armour    |    14 |    41 |       |       ||    55
         Robe              |       |       |    70 |       ||    70
         Steam dragon scal |       |       |    24 |       ||    24
         Skin              |       |       |       |    13 ||    13
  Dodge: Dodged            |     7 |    35 |    76 |       ||   118

Table legend: (Time is in decaauts)
 A = Elapsed time spent in this place.
 B = Non-inter-level travel time spent in this place.
 C = Inter-level travel time spent in this place.
 D = Time resting spent in this place.
 E = Time spent auto-exploring this place.
 F = Levels seen in this place.
 G = Mean time per level.
                   A        B        C        D        E       F      G
               +--------+--------+--------+--------+--------+-----+--------+
         Total |   5933 |   5644 |    289 |    673 |   3856 |  10 |  593.3 |
       Dungeon |   5900 |   5627 |    273 |    673 |   3856 |   9 |  655.6 |
        Temple |     33 |     17 |     16 |      0 |      0 |   1 |   33.0 |
               +--------+--------+--------+--------+--------+-----+--------+

Top non-repeatable levels by time:
     D:1: 996 daAuts
     D:3: 927 daAuts
     D:5: 898 daAuts
     D:6: 895 daAuts
     D:2: 601 daAuts
    D:10: 551 daAuts
     D:4: 515 daAuts
     D:7: 421 daAuts
    D:11: 92 daAuts
  Temple: 33 daAuts
